[Event "ICC tourney 2673 (25 5)"]
[Site "Internet Chess Club"]
[Date "2021.09.18"]
[Round "1"]
[White "Daga, Shreyansh:shreyanshdaga"]
[Black "ZHANG, SARAH:K05-16865540"]
[Result "0-1"]
[ICCResult "White checkmated"]
[WhiteElo "550"]
[BlackElo "1081"]
[Opening "Ruy Lopez: exchange variation"]
[ECO "C68"]
[NIC "RL.08"]
[Time "11:00:55"]
[TimeControl "1500+5"]

1. e4 e5 2. Nf3 Nc6 3. Bb5 a6 4. Bxc6 dxc6 5. Nxe5 Qd4 6. Nf3 Qxe4+ 7. Qe2
Qxe2+ 8. Kxe2 Nf6 9. Re1 Be6 10. Kf1 Bd6 11. Nc3 O-O 12. d4 Rfe8 13. Bg5 Be7
14. Rad1 h6 15. Bxf6 Bxf6 16. d5 cxd5 17. Nxd5 Bxd5 18. Rxd5 Rxe1+ 19. Nxe1
Rd8 20. Rc5 c6 21. b3 Kf8 22. Rf5 Ke7 23. Nf3 Rd1+ 24. Ke2 Ra1 25. a4 Ra2
26. Rc5 Kd6 27. Rc4 Be5 28. Nxe5 Kxe5 29. f4+ Kd5 30. Kd3 Ra1 31. g4 Rh1 32.
Rd4+ Ke6 33. Re4+ Kd6 34. Re2 Rd1+ 35. Kc3 Rd5 36. h4 h5 37. gxh5 Rxh5 38.
Rh2 f6 39. Kc4 g5 40. hxg5 Rxh2 41. gxf6 Ke6 42. Kc5 Kxf6 43. Kb6 Rxc2 44.
Kxb7 Rb2 45. Kxa6 Rxb3 46. Ka5 Kf5 47. Ka6 Kxf4 48. a5 c5 49. Ka7 Ra3 50. a6
c4 51. Ka8 Rxa6+ 52. Kb7 c3 53. Kxa6 c2 54. Ka5 c1=Q 55. Kb6 Ke5 56. Kb5 Kd5
57. Kb6 Qc5+ 58. Kb7 Kd6 59. Kb8 Qc6 60. Ka7 Qb5 61. Ka8 Kc7 62. Ka7 Qb7#
{White checkmated}
0-1

[Event "ICC tourney 2673 (25 5)"]
[Site "Internet Chess Club"]
[Date "2021.09.18"]
[Round "1"]
[White "YAN, CLAIRE:Cychess88"]
[Black "LI, DEREK W:TheKandor"]
[Result "1-0"]
[ICCResult "Black resigns"]
[WhiteElo "450"]
[BlackElo "974"]
[Opening "King's Indian: Sämisch, 5...O-O"]
[ECO "E81"]
[NIC "KI.48"]
[Time "11:00:28"]
[TimeControl "1500+5"]

1. d4 Nf6 2. c4 g6 3. Nc3 Bg7 4. e4 d6 5. f3 O-O 6. Be3 Nbd7 7. Qd2 e5 8.
Nge2 b6 9. O-O-O Bb7 10. g4 Rc8 11. Bh6 exd4 12. Nxd4 Ne5 13. h4 Qd7 14. h5
Nfxg4 15. fxg4 Nxg4 16. Bxg7 Kxg7 17. hxg6 fxg6 18. Bh3 h5 19. Bxg4 Qxg4 20.
Rdg1 Qd7 21. Qg5 Rf6 22. Qxh5 Re6 23. Qh7+ Kf6 24. Qxd7 {Black resigns} 1-0

[Event "ICC tourney 2673 (25 5)"]
[Site "Internet Chess Club"]
[Date "2021.09.18"]
[Round "1"]
[White "Goteti, Ishan:Aurex"]
[Black "AMBATI, JASWANT REDDY:AJRChess2011"]
[Result "0-1"]
[ICCResult "White checkmated"]
[WhiteElo "834"]
[BlackElo "1601"]
[Opening "Sicilian defense"]
[ECO "B33"]
[NIC "SI.32"]
[Time "11:00:52"]
[TimeControl "1500+5"]

1. e4 c5 2. Nf3 Nc6 3. d4 cxd4 4. Nxd4 Nf6 5. Nxc6 bxc6 6. Nc3 d5 7. exd5
cxd5 8. Bb5+ Bd7 9. O-O e6 10. Bg5 Be7 11. f4 Qb6+ 12. Kh1 Bxb5 13. Nxb5
Qxb5 14. b3 O-O 15. f5 Rad8 16. a4 Qc5 17. Rc1 d4 18. Qd3 e5 19. c3 e4 20.
Qc2 d3 21. Qd2 h6 22. Be3 Qc7 23. Bd4 Ng4 24. h3 Qh2# {White checkmated} 0-1

[Event "ICC tourney 2673 (25 5)"]
[Site "Internet Chess Club"]
[Date "2021.09.18"]
[Round "1"]
[White "TSYBOVSKY, ANTHONY:K03-30024259"]
[Black "ZHANG, BRIAN ZHIHONG:brianzhang9"]
[Result "0-1"]
[ICCResult "White resigns"]
[WhiteElo "933"]
[BlackElo "277"]
[Opening "Queen's pawn: London system"]
[ECO "A45"]
[NIC "QP.07"]
[Time "11:00:42"]
[TimeControl "1500+5"]

1. d4 Nf6 2. Bf4 g6 3. e3 Bg7 4. Nd2 d6 5. Ngf3 O-O 6. c3 Bf5 7. Be2 Re8 8.
O-O Nbd7 9. Nh4 Be4 10. Nxe4 Nxe4 11. Nf3 e5 12. Bg3 Nxg3 13. fxg3 e4 14.
Nd2 f5 15. Bc4+ Kh8 16. Qe2 Nb6 17. Bb3 d5 18. c4 c6 19. cxd5 Nxd5 20. Bxd5
Qxd5 21. Qc4 Bh6 22. Rfe1 Rac8 23. Rac1 b5 24. Qxd5 cxd5 25. Nf1 Rc4 26. b3
Rcc8 27. Re2 Rxc1 {White resigns} 0-1

[Event "ICC tourney 2673 (25 5)"]
[Site "Internet Chess Club"]
[Date "2021.09.18"]
[Round "1"]
[White "SANGAL LOPEZ, DEV:devsl"]
[Black "HU, DAREN:K03-17223295"]
[Result "1-0"]
[ICCResult "Black checkmated"]
[WhiteElo "714"]
[BlackElo "1188"]
[Opening "QGD Slav defense"]
[ECO "D10"]
[NIC "SL.01"]
[Time "11:01:13"]
[TimeControl "1500+5"]

1. d4 d5 2. c4 c6 3. Nc3 Nf6 4. e3 Bf5 5. Nf3 e6 6. cxd5 cxd5 7. Bd3 Bg6 8.
Qc2 Bb4 9. Bd2 O-O 10. Ne5 Ne4 11. Nxg6 Bxc3 12. bxc3 hxg6 13. Bxe4 dxe4 14.
Qxe4 Nc6 15. O-O Qd5 16. Qxd5 exd5 17. Rab1 b6 18. Rfc1 Na5 19. Rb5 Nc4 20.
Rd1 Rad8 21. Bc1 Rfe8 22. Re1 g5 23. e4 f6 24. e5 Re7 25. Kf1 Ree8 26. a4 g4
27. e6 Kf8 28. f4 gxf3 29. gxf3 Ke7 30. f4 f5 31. Be3 Nxe3+ 32. Rxe3 Kd6 33.
Re5 Rxe6 34. Rbxd5+ Kc7 35. Rxd8 Rxe5 36. fxe5 Kxd8 37. Kf2 Ke7 38. h4 Ke6
39. Kf3 g6 40. Kf4 a6 41. c4 Kf7 42. Kg5 Ke6 43. h5 gxh5 44. Kxh5 f4 45. Kg4
f3 46. Kxf3 Kf5 47. Ke3 Ke6 48. Ke4 Ke7 49. d5 Kd7 50. Kf5 Ke7 51. e6 Kd6
52. Kf6 Kc7 53. e7 Kd6 54. e8=Q Kc5 55. Qc6+ Kb4 56. Qxb6+ Kxa4 57. Qxa6+
Kb3 58. Qb5+ Kc3 59. Qe8 Kd4 60. c5 Kxd5 61. Qe6+ Kxc5 62. Qe4 Kd6 63. Qe5+
Kc6 64. Qd4 Kb5 65. Qc3 Kb6 66. Qc4 Ka5 67. Qb3 Ka6 68. Qb4 Ka7 69. Qb5 Ka8
70. Ke6 Ka7 71. Kd6 Ka8 72. Kc6 Ka7 73. Qb7# {Black checkmated} 1-0

[Event "ICC tourney 2673 (25 5)"]
[Site "Internet Chess Club"]
[Date "2021.09.18"]
[Round "1"]
[White "XUE, JACK:K03-17241051"]
[Black "VENUTURUMILLI, DHRUV :CaringTrouble"]
[Result "1-0"]
[ICCResult "Black checkmated"]
[WhiteElo "1148"]
[BlackElo "708"]
[Opening "Sicilian: Alapin's variation (2.c3)"]
[ECO "B22"]
[NIC "SI.46"]
[Time "11:00:26"]
[TimeControl "1500+5"]

1. e4 c5 2. c3 Nc6 3. d4 b6 4. d5 Na5 5. b4 cxb4 6. cxb4 Nb7 7. Nf3 d6 8.
Bb5+ Bd7 9. Bc6 Qc7 10. b5 Na5 11. Bxa8 Bxb5 12. Bd2 Nf6 13. Bxa5 bxa5 14.
Nbd2 Qc3 15. Rc1 Qb4 16. Bc6+ Bxc6 17. dxc6 Kd8 18. Ng5 Kc7 19. Nxf7 Rg8 20.
e5 Ne4 21. exd6+ exd6 22. a3 Qd4 23. Nxe4 Qxe4+ 24. Qe2 Qxg2 25. Rf1 Qd5 26.
Qe8 Be7 27. Qd7+ Kb8 28. Qb7# {Black checkmated} 1-0

[Event "ICC tourney 2673 (25 5)"]
[Site "Internet Chess Club"]
[Date "2021.09.18"]
[Round "1"]
[White "MENON, DHRUV:dmenon25"]
[Black "LIU, DYLAN:Lerdog"]
[Result "1-0"]
[ICCResult "Black checkmated"]
[WhiteElo "1202"]
[BlackElo "724"]
[Opening "Sicilian: Sozin attack"]
[ECO "B86"]
[NIC "SI.19"]
[Time "11:00:33"]
[TimeControl "1500+5"]

1. e4 c5 2. Nf3 d6 3. d4 cxd4 4. Nxd4 Nf6 5. Nc3 e6 6. Bc4 a6 7. a4 Qc7 8.
b3 Qa5 9. Bb2 Nxe4 10. Qf3 d5 11. Be2 Bb4 12. Nb5 axb5 13. axb5 Bxc3+ 14.
Bxc3 Qxc3+ 15. Qxc3 Rxa1+ 16. Qxa1 O-O 17. f3 Nc5 18. h4 e5 19. Qxe5 Be6 20.
g4 Nbd7 21. Qc3 b6 22. h5 h6 23. g5 hxg5 24. h6 gxh6 25. Rxh6 f6 26. Bd3 Kg7
27. Rh7+ Kg8 28. b4 Nxd3+ 29. Qxd3 f5 30. Rh6 Re8 31. Kf2 Ne5 32. Qd4 Nf7
33. Rg6+ Kh7 34. Qg7# {Black checkmated} 1-0

[Event "ICC tourney 2673 (25 5)"]
[Site "Internet Chess Club"]
[Date "2021.09.18"]
[Round "1"]
[White "YADATORE, NEEL:K09-30026420"]
[Black "JEHIN, RISHIN:K01-30043660"]
[Result "0-1"]
[ICCResult "White checkmated"]
[WhiteElo "729"]
[BlackElo "1205"]
[Opening "Giuoco Pianissimo: Italian four knights variation"]
[ECO "C50"]
[NIC "IG.02"]
[Time "11:00:50"]
[TimeControl "1500+5"]

1. e4 e5 2. Nf3 Nc6 3. Bc4 Bc5 4. Nc3 Nf6 5. d3 O-O 6. Bg5 h6 7. Bh4 b6 8.
Nd5 Be7 9. Nxe7+ Qxe7 10. h3 Bb7 11. c3 Na5 12. Bb3 Nxb3 13. axb3 d5 14.
exd5 Bxd5 15. c4 Bb7 16. O-O Rad8 17. Qe2 Rfe8 18. Rfe1 Qd6 19. Rad1 Bxf3
20. Qxf3 Re6 21. Bxf6 Rxf6 22. Qe3 Re8 23. d4 Rg6 24. Kf1 e4 25. Kg1 Rg5 26.
d5 Qg6 27. g3 Qh5 28. h4 Qxh4 29. Kg2 Qg4 30. d6 cxd6 31. Rxd6 Rh5 32. Rh1
Qf3+ 33. Qxf3 exf3+ 34. Kxf3 Rxh1 35. Rd7 Rb1 36. Rxa7 Rxb2 37. Rb7 Rxb3+
38. Kg2 Rc8 39. Re7 Rxc4 40. Re1 b5 41. f3 Rc2+ 42. Kg1 Rxf3 43. Re8+ Kh7
44. Re1 b4 45. Rf1 Rxf1+ 46. Kxf1 b3 47. g4 b2 48. g5 b1=Q# {White
checkmated} 0-1

[Event "ICC tourney 2673 (25 5)"]
[Site "Internet Chess Club"]
[Date "2021.09.18"]
[Round "1"]
[White "INDRAKANTI, SAMVIK:K03-16771001"]
[Black "AHN, WILLIAM TK:kitook"]
[Result "0-1"]
[ICCResult "White checkmated"]
[WhiteElo "294"]
[BlackElo "945"]
[Opening "KP: Patzer opening"]
[ECO "C20"]
[NIC "KP.10"]
[Time "11:25:12"]
[TimeControl "1500+5"]

1. e4 e5 2. Qh5 Nc6 3. Nf3 Nf6 4. Qh3 Nxe4 5. Nc3 d5 6. Nxe4 Bxh3 7. gxh3
dxe4 8. Ng1 Bc5 9. Bc4 O-O 10. b3 Qf6 11. Bb2 Qxf2+ 12. Kd1 Rad8 13. d3 exd3
14. cxd3 Qxb2 15. Rc1 Be3 16. Ne2 Qd2# {White checkmated} 0-1

[Event "ICC tourney 2673 (25 5)"]
[Site "Internet Chess Club"]
[Date "2021.09.18"]
[Round "1"]
[White "CHETLAPALLI, VISHNU:K01-30144870"]
[Black "WUDALI, PRANAV AVYAI:Pwudali"]
[Result "1-0"]
[ICCResult "Black checkmated"]
[WhiteElo "995"]
[BlackElo "474"]
[Opening "QGD Slav: 4.Nc3"]
[ECO "D15"]
[NIC "SL.03"]
[Time "11:00:25"]
[TimeControl "1500+5"]

1. d4 d5 2. c4 c6 3. Nc3 Nf6 4. Nf3 Bf5 5. e3 e6 6. Be2 Bd6 7. O-O O-O 8. c5
Bc7 9. Bd2 Nbd7 10. Rc1 b6 11. b4 bxc5 12. bxc5 Ba5 13. Re1 Bb4 14. e4 dxe4
15. Nxe4 Nxe4 16. Bxb4 Rb8 17. Qa4 Qc7 18. g3 Rb7 19. Ba5 Qb8 20. Qxc6 Rc8
21. Qa4 h6 22. c6 Rb2 23. cxd7 Rf8 24. Ne5 Ng5 25. Nc6 Nh3+ 26. Kf1 Qb3 27.
axb3 Ng5 28. Ne7+ Kh7 29. Nxf5 exf5 30. Rc8 Rh8 31. Rxh8+ Kxh8 32. d8=Q+ Kh7
33. Qae8 Rxb3 34. Qg8+ Kg6 35. Qd6+ f6 36. Qxb3 Ne4 37. Qf8 Kg5 38. Qxg7#
{Black checkmated}
1-0

[Event "ICC tourney 2673 (25 5)"]
[Site "Internet Chess Club"]
[Date "2021.09.18"]
[Round "1"]
[White "VADHER, DEVAJ MAYANK:DevajVadher"]
[Black "Rastogi, Viraj:masterviraj"]
[Result "1-0"]
[ICCResult "Black checkmated"]
[WhiteElo "1244"]
[BlackElo "738"]
[Opening "Sicilian: Alapin's variation (2.c3)"]
[ECO "B22"]
[NIC "SI.46"]
[Time "11:00:41"]
[TimeControl "1500+5"]

1. e4 c5 2. c3 Nc6 3. d4 cxd4 4. cxd4 d6 5. Nf3 e5 6. d5 Nce7 7. Bg5 h6 8.
Be3 Nf6 9. Nc3 Bg4 10. Be2 Ng6 11. Qb3 Qc7 12. Rc1 Qd7 13. Bb5 Be7 14. Bxd7+
Bxd7 15. Qxb7 O-O 16. O-O Rfb8 17. Qa6 Bc8 18. Qa3 Bd7 19. Rc2 Bd8 20. Rfc1
Ng4 21. h3 Nxe3 22. fxe3 Bb6 23. Re1 Bc5 24. Qa6 Rb6 25. Qf1 f5 26. Kh2 f4
27. exf4 Nxf4 28. b3 Bb4 29. Ra1 Rc8 30. Rac1 Ba5 31. Na4 Rxc2 32. Rxc2 Rb8
33. Qa6 Bxa4 34. bxa4 Bb6 35. a5 Bc5 36. Nxe5 Rb1 37. Qc8+ Kh7 38. Qf5+ Kh8
39. Qxf4 dxe5 40. Qh4 Be3 41. Rc8+ Kh7 42. d6 Bf4+ 43. Qxf4 exf4 44. d7 Re1
45. d8=Q Rxe4 46. Qd3 g6 47. Qxe4 f3 48. Qe7# {Black checkmated} 1-0

[Event "ICC tourney 2673 (25 5)"]
[Site "Internet Chess Club"]
[Date "2021.09.18"]
[Round "1"]
[White "ADDURI, MANSI:K03-17004388"]
[Black "QI, KEVIN:charmeleon16"]
[Result "1-0"]
[ICCResult "Black checkmated"]
[WhiteElo "963"]
[BlackElo "441"]
[Opening "Giuoco Pianissimo: Italian four knights variation"]
[ECO "C55"]
[NIC "IG.01"]
[Time "11:12:07"]
[TimeControl "1500+5"]

1. e4 e5 2. Nf3 Nc6 3. Bc4 Nf6 4. d3 Bc5 5. Nc3 O-O 6. O-O h6 7. h3 a6 8. a4
d6 9. Be3 Bxe3 10. fxe3 Nd7 11. d4 exd4 12. exd4 Nf6 13. Re1 Bd7 14. Nd5
Nxd5 15. Bxd5 Re8 16. c3 Qf6 17. Kh1 Qg6 18. Rf1 Qh5 19. Nh2 Qh4 20. Bxf7+
Kf8 21. Bxe8+ Kxe8 22. Qf3 Kd8 23. Qf8+ Be8 24. Qxg7 h5 25. Rf8 Qxe4 26. Nf3
Qc2 27. Re1 Kc8 28. Rexe8+ Nd8 29. Rxd8# {Black checkmated} 1-0

[Event "ICC tourney 2673 (25 5)"]
[Site "Internet Chess Club"]
[Date "2021.09.18"]
[Round "1"]
[White "VASHISHT, ANEESH:aneeshgm2013"]
[Black "JOSHI, AARAV:K05-30026655"]
[Result "1-0"]
[ICCResult "Black checkmated"]
[WhiteElo "531"]
[BlackElo "1053"]
[Opening "Sicilian: closed, 2...Nc6"]
[ECO "B23"]
[NIC "SI.44"]
[Time "11:00:23"]
[TimeControl "1500+5"]

1. e4 c5 2. Nc3 Nc6 3. Nf3 d6 4. Bc4 Nf6 5. O-O e6 6. d4 cxd4 7. Nxd4 Be7 8.
Nf3 O-O 9. Be3 h6 10. h3 b6 11. Bb5 Bb7 12. Re1 a6 13. Bc4 b5 14. Bb3 Qc7
15. a4 b4 16. Nb1 Rad8 17. c3 bxc3 18. Nxc3 Nb4 19. a5 d5 20. Bb6 dxe4 21.
Qxd8 Bxd8 22. Bxc7 Bxc7 23. Nd4 Nd3 24. Reb1 Rd8 25. Nde2 Nc5 26. Bc2 Nd5
27. Nxe4 Nxe4 28. Bxe4 f5 29. Bd3 Nb4 30. Bc4 Kf7 31. Nf4 Bxf4 32. g3 Bc7
33. Ra4 Be4 34. Rc1 Nc6 35. Bxa6 Bxa5 36. Bb7 Bb6 37. Bxc6 Bxc6 38. Rxc6 Bd4
39. Rc7+ Kf6 40. b4 Bb6 41. Rb7 Bd4 42. b5 Rd6 43. Rb4 Bc3 44. Rb3 Ba5 45.
b6 Ke5 46. Rb8 Kd5 47. b7 Bc7 48. Ra8 Ke5 49. Rc8 Rc6 50. Rxc7 Rxc7 51. b8=Q
Kd6 52. Rb6+ Kd5 53. Qxc7 Kd4 54. Rxe6 Kd3 55. Qxg7 Kd2 56. Qxh6+ Kd1 57.
Rd6+ Kc2 58. Qe6 Kc3 59. Rd7 Kb2 60. Qc6 Kb1 61. Rb7+ Ka2 62. Qa6#
{Black checkmated}
1-0

[Event "ICC tourney 2673 (25 5)"]
[Site "Internet Chess Club"]
[Date "2021.09.18"]
[Round "1"]
[White "Kore, Anvika Mattam:K03-30142328"]
[Black "Maddipati, Srihas:srihassm"]
[Result "0-1"]
[ICCResult "White resigns"]
[WhiteElo "476"]
[BlackElo "1019"]
[Opening "Sicilian: Smith-Morra gambit"]
[ECO "B21"]
[NIC "SI.48"]
[Time "11:00:25"]
[TimeControl "1500+5"]

1. e4 c5 2. d4 cxd4 3. c3 d5 4. e5 dxc3 5. Nxc3 e6 6. Bb5+ Bd7 7. Bxd7+ Nxd7
8. Nf3 Bc5 9. Bg5 Qb6 10. Qd2 h6 11. Be3 Bxe3 12. fxe3 Ne7 13. h3 Ng6 14.
Rg1 Ndxe5 15. Nxe5 Nxe5 16. Qe2 Nc4 17. Nd1 Qb4+ 18. Nc3 Nxb2 19. Qd2 Nc4
20. Qd3 Qc5 21. Rb1 Nxe3 22. Rb5 Nc2+ 23. Qxc2 Qxg1+ 24. Kd2 Qxg2+ 25. Ne2
Qxh3 26. Rxb7 O-O 27. Rb3 Qg4 28. Qb2 Qg5+ 29. Kd1 f5 30. Rg3 Qf6 31. Qd2
Qa1+ 32. Kc2 Qxa2+ 33. Kd1 Qxd2+ 34. Kxd2 a5 35. Ra3 g5 36. Ke3 e5 37. Rd3
f4+ 38. Kf2 f3 39. Rxf3 Rxf3+ 40. Kxf3 a4 41. Ke3 a3 42. Nc1 d4+ 43. Ke4 g4
44. Kxe5 d3 45. Nxd3 a2 46. Kd4 a1=Q+ 47. Ke3 Ra3 48. Ke4 Qb1 {White
resigns} 0-1

[Event "ICC tourney 2673 (25 5)"]
[Site "Internet Chess Club"]
[Date "2021.09.18"]
[Round "1"]
[White "AMBA, ADVAITH:advichess"]
[Black "NAVANEETH, ANUVRATAA:anudgr8cat"]
[Result "1-0"]
[ICCResult "Black forfeits on time"]
[WhiteElo "1072"]
[BlackElo "536"]
[Opening "Giuoco Pianissimo"]
[ECO "C50"]
[NIC "IG.02"]
[Time "11:00:50"]
[TimeControl "1500+5"]

1. e4 e5 2. Nf3 Nc6 3. Bc4 Bc5 4. d3 Nf6 5. O-O O-O 6. Nc3 d6 7. Bg5 h6 8.
Bh4 Bf5 9. exf5 a6 10. Ne4 b5 11. Nxf6+ gxf6 12. Bd5 Qd7 13. Bxf6 Rab8 14.
Qd2 Kh7 15. Bxc6 Qxc6 16. Qc3 Qd7 17. b4 Bb6 18. d4 Qxf5 19. dxe5 dxe5 20.
Qxe5 Qxc2 21. Qg3 Rg8 22. Qh4 Qg6 23. Ng5+ Qxg5 24. Bxg5 Rxg5 25. Rad1 Rbg8
26. g3 Rg4 27. Qf6 {Black forfeits on time} 1-0

[Event "ICC tourney 2673 (25 5)"]
[Site "Internet Chess Club"]
[Date "2021.09.18"]
[Round "1"]
[White "VADHER, PREASH MAYANK:preashvadher"]
[Black "Merriman, Dann Hu:theLittlePetey"]
[Result "1-0"]
[ICCResult "Black checkmated"]
[WhiteElo "771"]
[BlackElo "1256"]
[Opening "Petrov's defense"]
[ECO "C42"]
[NIC "RG.03"]
[Time "11:00:33"]
[TimeControl "1500+5"]

1. e4 e5 2. Nf3 Nf6 3. Nxe5 Nc6 4. Nxc6 dxc6 5. Nc3 Bc5 6. Bc4 Qd4 7. Qe2
Bg4 8. f3 Bh5 9. d3 O-O-O 10. Bd2 Bg6 11. O-O-O Rhe8 12. Na4 Bf8 13. Be3 Qd7
14. Nc3 Ng8 15. Bxa7 Nh6 16. d4 f5 17. Ba6 fxe4 18. fxe4 Bb4 19. Na4 Rxe4
20. Qf1 Rf8 21. Qc4 Be7 22. Qb3 Kd8 23. Qxb7 Ke8 24. Qb8+ Kf7 25. Rhf1+ Nf5
26. Bc4+ Kf6 27. Qb3 Bf7 28. g4 Rxg4 29. Bxf7 Rxf7 30. Nc5 Qd6 31. Rxf5+
Kxf5 32. Qxf7+ Bf6 33. Rf1+ Kg5 34. Ne6+ Kh4 35. Rf5 Bg5+ 36. Rxg5 Rxg5 37.
Nxg5 Kxg5 38. Qxg7+ Kf5 39. Qxh7+ Kg5 40. Qg8+ Kf5 41. Qg3 Qh6+ 42. Kb1 Qh5
43. Qd3+ Kf6 44. Qd2 Qf5 45. Bb8 Qf1+ 46. Qc1 Qf5 47. Bxc7 Kf7 48. Qf4 Qf6
49. Qxf6+ Kxf6 50. Be5+ Kg5 51. Kc1 Kf5 52. Kd2 c5 53. Kc3 cxd4+ 54. Kxd4
Kg5 55. c4 Kh5 56. c5 Kh6 57. c6 Kg6 58. c7 Kf5 59. c8=Q+ Kg6 60. Qf8 Kh5
61. Qf5+ Kh6 62. Qg4 Kh7 63. Qg7# {Black checkmated} 1-0

[Event "ICC tourney 2673 (25 5)"]
[Site "Internet Chess Club"]
[Date "2021.09.18"]
[Round "1"]
[White "RAM BHARADWAJ, SAMARTH:K01-30155483"]
[Black "POLAKALA, SRIKAR:srikarpolakala"]
[Result "1-0"]
[ICCResult "Black forfeits on time"]
[WhiteElo "1031"]
[BlackElo "518"]
[Opening "Giuoco Pianissimo"]
[ECO "C50"]
[NIC "IG.02"]
[Time "11:01:13"]
[TimeControl "1500+5"]

1. e4 e5 2. Nf3 Nc6 3. Bc4 Bc5 4. d3 Nf6 5. Bg5 h6 6. Bh4 Be7 7. Nc3 O-O 8.
Qd2 Nh7 9. Bxe7 Qxe7 10. Nd5 Qd6 11. O-O-O b6 12. Nh4 Bb7 13. Nf5 Qg6 14.
Nfe7+ Nxe7 15. Nxe7+ Kh8 16. Nxg6+ fxg6 17. f3 c6 18. Bb3 d5 19. exd5 cxd5
20. d4 e4 21. fxe4 dxe4 22. Rhf1 Rfe8 23. Rde1 Re7 24. Bf7 Rf8 25. Bxg6 Rxf1
26. Rxf1 e3 27. Qe2 Re6 28. Bd3 g5 29. Bf5 Re7 30. Rd1 Nf6 31. Rd3 Ba6 32.
b3 Bxd3 33. Bxd3 Nd5 34. Qf3 Nf4 35. Be2 Kg7 36. g3 Nh3 37. Qg2 Nf2 38. c4
Ne4 39. Kc2 Nd2 40. h4 Rf7 41. Kd3 Rf2 42. Qb7+ Rf7 43. Qxf7+ Kxf7 44. Kxe3
Nb1 45. hxg5 hxg5 46. d5 Nc3 47. Kd3 Nxa2 48. Bg4 Ke7 49. Ke4 Kd6 50. Kf5
Nc1 51. Bd1 Nd3 52. Kxg5 Ke7 53. Kh6 Nf2 54. Be2 Ne4 55. g4 Nd2 56. Bd1 Ne4
57. g5 Nxg5 58. Kxg5 Kd6 59. Kf5 Kc5 60. Ke6 Kd4 61. d6 Kc5 62. d7
{Black forfeits on time}
1-0

[Event "ICC tourney 2673 (25 5)"]
[Site "Internet Chess Club"]
[Date "2021.09.18"]
[Round "1"]
[White "QI, JENNY:eevee11"]
[Black "MOGHE, ARJUN CHAITANYA:Galactico7"]
[Result "0-1"]
[ICCResult "White forfeits on time"]
[WhiteElo "1393"]
[BlackElo "785"]
[Opening "Sicilian: dragon, Yugoslav attack, Rauser variation"]
[ECO "B76"]
[NIC "SI.17"]
[Time "11:00:34"]
[TimeControl "1500+5"]

1. e4 c5 2. Nf3 g6 3. d4 cxd4 4. Nxd4 Bg7 5. Nc3 d6 6. Be3 Nf6 7. f3 O-O 8.
Qd2 Nc6 9. O-O-O a5 10. Kb1 a4 11. h4 a3 12. b3 Qc7 13. h5 Nxh5 14. g4 Nxd4
15. Bxd4 Bxd4 16. Qxd4 Nf6 17. Bc4 Qc5 18. Qxc5 dxc5 19. Na4 Nd7 20. Bb5 Ne5
21. Rhf1 Nxf3 22. Rxf3 Bxg4 23. Rfd3 Bxd1 24. Rxd1 Rac8 25. Nb6 Rcd8 26. Rh1
Rd6 27. Na4 Rfd8 28. Bd3 b6 29. Nc3 h5 30. Nb5 Rc6 31. Nxa3 Ra8 32. Nb5 Rcc8
33. e5 Ra5 34. a4 Raa8 35. Be4 Rab8 36. Bd5 e6 37. Be4 c4 38. Nd6 Rc5 39.
Nxc4 b5 40. axb5 Rbxb5 41. Bd3 Rb7 42. Rf1 Ra7 43. Kb2 Rc8 44. Nd6 Rca8 45.
Bc4 Ra2+ 46. Kc3 R2a7 47. Kd3 Rd8 48. Ke4 Kg7 49. Kf4 f6 50. exf6+ Kxf6 51.
Ne4+ Kg7 52. Ke3 Re8 53. Ng5 Kh6 54. Rg1 Ra5 55. Nf3 e5 56. Ke4 Ra2 57. Bd3
Ra5 58. Ke3 Re6 59. Nh4 Kg7 60. Rxg6+ Rxg6 61. Nxg6 Rc5 62. b4 Rd5 63. Nh4
Kf6 64. Ke4 Rd4+ 65. Ke3 Rxh4 66. c4 Rg4 67. b5 h4 68. b6 h3 69. b7 Rg8 70.
Be4 h2 71. c5 Ke7 72. c6 Kd6 73. Kd3 Kc7 74. Kc4 Rg4 {White forfeits on
time} 0-1

[Event "ICC tourney 2673 (25 5)"]
[Site "Internet Chess Club"]
[Date "2021.09.18"]
[Round "2"]
[White "Rastogi, Viraj:masterviraj"]
[Black "INDRAKANTI, SAMVIK:K03-16771001"]
[Result "1-0"]
[ICCResult "Black checkmated"]
[WhiteElo "738"]
[BlackElo "294"]
[Opening "Giuoco Piano"]
[ECO "C50"]
[NIC "IG.02"]
[Time "12:31:08"]
[TimeControl "1500+5"]

1. e4 e5 2. Nf3 Nc6 3. Bc4 Bc5 4. O-O Nf6 5. Nc3 O-O 6. d3 Ng4 7. h3 Nxf2 8.
Rxf2 Bxf2+ 9. Kxf2 d6 10. Bg5 Ne7 11. Nd5 Qe8 12. Nxe7+ Kh8 13. Nf5 Bxf5 14.
exf5 g6 15. Bf6+ Kg8 16. fxg6 hxg6 17. Qc1 d5 18. Qh6 dxc4 19. Qg7#
{Black checkmated}
1-0

[Event "ICC tourney 2673 (25 5)"]
[Site "Internet Chess Club"]
[Date "2021.09.18"]
[Round "2"]
[White "HU, DAREN:K03-17223295"]
[Black "Daga, Shreyansh:shreyanshdaga"]
[Result "1-0"]
[ICCResult "Black checkmated"]
[WhiteElo "1188"]
[BlackElo "550"]
[Opening "Two knights defense"]
[ECO "C59"]
[NIC "KP.01"]
[Time "12:31:06"]
[TimeControl "1500+5"]

1. e4 e5 2. Nf3 Nc6 3. Bc4 Nf6 4. Ng5 d5 5. exd5 Na5 6. Bb5+ c6 7. dxc6 bxc6
8. Be2 Bc5 9. O-O O-O 10. Nc3 Nb7 11. d3 Bf5 12. Be3 Bxe3 13. fxe3 Nd5 14.
Nxd5 cxd5 15. Rxf5 Nd6 16. Rxe5 Qc7 17. Nf3 Qc5 18. d4 Qc7 19. Rxd5 Qd7 20.
Bb5 Qe6 21. Re5 Qc8 22. Be2 Rb8 23. b3 Nb5 24. Rxb5 Rxb5 25. Bxb5 Qc3 26.
Qe1 Qxc2 27. Bc4 Re8 28. Ne5 Qf5 29. Bxf7+ Kf8 30. Bxe8 Kxe8 31. Qf2 Qe6 32.
Rf1 Qe7 33. Qf7+ Qxf7 34. Rxf7 g6 35. Rxh7 g5 36. d5 g4 37. d6 Kd8 38. d7 g3
39. hxg3 a5 40. Nc6+ Kc7 41. d8=Q+ Kxc6 42. Qf6+ Kb5 43. Rh5+ Kb4 44. Qd4+
Ka3 45. Rxa5# {Black checkmated} 1-0

[Event "ICC tourney 2673 (25 5)"]
[Site "Internet Chess Club"]
[Date "2021.09.18"]
[Round "2"]
[White "ZHANG, BRIAN ZHIHONG:brianzhang9"]
[Black "ZHAO, DANSON:K01-30127679"]
[Result "1-0"]
[ICCResult "Black checkmated"]
[WhiteElo "277"]
[BlackElo "1110"]
[Opening "Giuoco Piano"]
[ECO "C53"]
[NIC "IG.02"]
[Time "12:31:16"]
[TimeControl "1500+5"]

1. e4 e5 2. Nf3 Nc6 3. Bc4 Bc5 4. c3 d6 5. d4 exd4 6. cxd4 Bb4+ 7. Nc3 Nge7
8. Bg5 Bg4 9. d5 Bxc3+ 10. bxc3 Bxf3 11. Qxf3 Ne5 12. Qe2 Nxc4 13. Qxc4 f6
14. Bh4 O-O 15. O-O Ng6 16. Bg3 Ne5 17. Bxe5 fxe5 18. Rab1 Rb8 19. a4 Kh8
20. a5 a6 21. Rb2 Rf6 22. Rfb1 Qc8 23. Qxa6 bxa6 24. Rxb8 Rf8 25. Rxc8 Rxc8
26. Rb7 h6 27. c4 c6 28. f3 cxd5 29. cxd5 Rc5 30. Rd7 Rxa5 31. Rxd6 Ra1+ 32.
Kf2 Rc1 33. Rxa6 Rc2+ 34. Kg3 Rc3 35. d6 Rd3 36. Ra5 Rxd6 37. Rxe5 Kg8 38.
Rd5 Re6 39. Kf4 Kf7 40. e5 g5+ 41. Kf5 Ke8 42. Kxe6 Kf8 43. Rd8+ Kg7 44. Kf5
h5 45. Rd7+ Kh6 46. Kf6 g4 47. Rd8 Kh7 48. fxg4 hxg4 49. g3 Kh6 50. Rh8#
{Black checkmated}
1-0

[Event "ICC tourney 2673 (25 5)"]
[Site "Internet Chess Club"]
[Date "2021.09.18"]
[Round "2"]
[White "VASHISHT, ANEESH:aneeshgm2013"]
[Black "RAM BHARADWAJ, SAMARTH:K01-30155483"]
[Result "0-1"]
[ICCResult "White checkmated"]
[WhiteElo "531"]
[BlackElo "1031"]
[Opening "Giuoco Piano"]
[ECO "C50"]
[NIC "IG.02"]
[Time "12:31:15"]
[TimeControl "1500+5"]

1. e4 e5 2. Nf3 Nc6 3. Bc4 Bc5 4. O-O Nf6 5. Ng5 O-O 6. Nc3 d6 7. d3 Bg4 8.
Nf3 Nd4 9. Re1 Nxf3+ 10. gxf3 Bh5 11. Kf1 Qc8 12. Ke2 Qh3 13. Rg1 Bxf3+ 14.
Kd2 Bxd1 15. Rxd1 Qxh2 16. Rf1 Bxf2 17. Kd1 Qg2 18. d4 exd4 19. Nb5 Nxe4 20.
Bd3 Ng3 21. Nxc7 Rac8 22. Nb5 Nxf1 23. Nxa7 Rfe8 24. Bd2 Be3 25. Nxc8 Rxc8
26. Be1 Bd2 27. Rb1 Re8 28. Bxf1 Rxe1# {White checkmated} 0-1